 Dungeon Crawl Stone Soup version 0.23-a0-582-g1b4a0ca (webtiles) character file.

1 Firecrotchwizard the Insei (level 1, 0/15 HPs)
             Began as a Demigod Transmuter on Dec 16, 2018.
             Slain by a bat (1 damage)
             ... on level 1 of the Dungeon.
             The game lasted 00:00:21 (51 turns).

Firecrotchwizard the Insei (Demigod Transmuter)       Turns: 51, Time: 00:00:22

Health: 0/15       AC:  2    Str: 13    XL:     1   Next: 13%
Magic:  4/5        EV: 12    Int: 17    God:
Gold:   10         SH:  0    Dex: 16    Spells: 2/3 levels left

rFire    . . .     SeeInvis .     - Unarmed
rCold    . . .     Gourm    .   (no shield)
rNeg     . . .     Faith    .   b - +0 robe
rPois    .         Spirit   .   (no helmet)
rElec    .         Reflect  .   (no cloak)
rCorr    .         Harm     .   (no gloves)
MR       .....                  (boots currently unavailable)
Stlth    +.........             (no amulet)
HPRegen  0.05/turn              (no ring)
MPRegen  0.09/turn              (no ring)

@: appendage
A: talons 3, high mp 1
a: End Transformation


You were on level 1 of the Dungeon.
You were not hungry.
You had grown temporary talons.
You visited 1 branch of the dungeon, and saw 1 of its levels.

You collected 10 gold pieces.

Inventory:

Missiles
 a - 12 arrows
Armour
 b - a +0 robe (worn)
Comestibles
 d - a ration


   Skills:
 - Level 0.8 Fighting
 - Level 1.7 Dodging
 * Level 2.7 Unarmed Combat
 - Level 1.7 Spellcasting
 + Level 1.8 Transmutations


You had 2 spell levels left.
You knew the following spells:

 Your Spells              Type           Power        Failure   Level  Hunger
a - Beastly Appendage     Tmut           #.....       10%         1    #......

Your spell library contained the following spells:

 Spells                   Type           Power        Failure   Level  Hunger
 Sticks to Snakes         Tmut           #.......     14%         2    ###....
 Spider Form              Tmut/Pois      #.........   38%         3    ###....
 Ice Form                 Ice/Tmut       #.......     80%         4    #####..
 Blade Hands              Tmut           #.........   95%         5    ######.


Dungeon Overview and Level Annotations

Branches:
Dungeon (1/15)


Innate Abilities, Weirdness & Mutations

You have an increased reservoir of magic. (+10% MP)
You have claws for feet.


Message History

Welcome, Firecrotchwizard the Demigod Transmuter.
Will you prevail where others failed? Will you find the Orb of Zot?
Found a staircase leading out of the dungeon.
You now have 10 gold pieces.
A bat and a hobgoblin come into view.
A kobold comes into view. It is wielding a +0 dagger.
Found a stone staircase leading down.
The kobold shouts!
The hobgoblin shouts!
The hobgoblin closely misses you.
You hit the hobgoblin. You hit the hobgoblin but do no damage.
The kobold throws a stone.
The stone barely misses you. The hobgoblin hits you with a +0 club.
You take 1 damage, and have 14/15 hp.
You hit the hobgoblin but do no damage.
The kobold throws a stone.
The stone hits you but does no damage. The hobgoblin hits you with a +0 club.
You take 2 damage, and have 12/15 hp.
You hit the hobgoblin but do no damage. The hobgoblin hits you with a +0 club.
You take 2 damage, and have 10/15 hp.
You hit the hobgoblin but do no damage. The kobold hits you with a +0 dagger.
The hobgoblin closely misses you.
You take 1 damage, and have 9/15 hp.
You are too injured to fight recklessly!
The kobold closely misses you.
The kobold throws a stone.
The stone hits you but does no damage.
You see here a stone.
Sorry, you're not good enough to have a special ability.
Your feet morph into talons.
The hobgoblin barely misses you.
You now have 4/5 mp.
You hit the hobgoblin but do no damage. Your kick misses the hobgoblin.
The hobgoblin hits you with a +0 club.
* * * LOW HITPOINT WARNING * * *
You take 5 damage, and have 4/15 hp.
MASSIVE DAMAGE!!
You hit the hobgoblin. The hobgoblin hits you with a +0 club.
* * * LOW HITPOINT WARNING * * *
You take 2 damage, and have 2/15 hp.
You completely miss the hobgoblin. You closely miss the hobgoblin.
You claw the hobgoblin.
You kill the hobgoblin!
The bat hits you.
* * * LOW HITPOINT WARNING * * *
You take 1 damage, and have 1/15 hp.
You closely miss the bat. Your kick misses the bat. The bat hits you.
You die...

#.#.#...#
#.#.#.#.###
#.#.#.#...#
#.#.#.###.####
#.#.#...#....#
#######.#########
.................
.########.#.#...
#@# # #b#.# #K..#
##.%# .....
....... .>.....
....... .......


You could see a bat and a kobold.

Vanquished Creatures
  A hobgoblin (D:1)
1 creature vanquished.

Notes
Turn   | Place    | Note
-------+----------+-------------------------------------------
     0 | D:1      | Firecrotchwizard the Demigod Transmuter began the quest for
                  | the Orb.
     0 | D:1      | Reached XP level 1. HP: 15/15 MP: 5/5
    48 | D:1      | HP: 2/15 [hobgoblin/+0 club (2)]
    51 | D:1      | Slain by a bat

Vault maps used:
D:1:      psy_arrival_radial02

Action                   || total
-------------------------++-------
Melee: Unarmed           ||    10
       Kick              ||     1
 Cast: Beastly Appendage ||     1
Armor: Robe              ||     2
Dodge: Dodged            ||     5

Table legend:
 A = Non-vault XP
 B = Vault XP
 C = Vault XP percentage of total XP
 D = Non-vault monster count
 E = Vault monster count
 F = Vault count percentage of total count
                 A         B        C        D         E       F
            +---------+---------+-------+---------+---------+-------
      Total |       2 |       0 |   0.0 |       1 |       0 |   0.0
            +---------+---------+-------+---------+---------+-------
        D:1 |       2 |       0 |   0.0 |       1 |       0 |   0.0
            +---------+---------+-------+---------+---------+-------

Vault maps used:
D:1:      psy_arrival_radial02

Table legend:
 A = Turns spent in this place as a percentage of turns spent in the entire game.
 B = Non-inter-level travel turns spent in this place as a percentage of non-inter-level travel turns spent in the entire game.
 C = Inter-level travel turns spent in this place as a percentage of turns spent in this place.
 D = Turns resting spent in this place as a percentage of non-inter-level travel turns spent in this place.
 E = Turns spent auto-exploring this place as a percentage of non-inter-level travel turns spent in this place.
 F = Non-inter-level travel turns spent in this place divided by the number of levels of this place that you've seen.
                   A       B       C       D       E      F
               +-------+-------+-------+-------+-------+----------------------
         Total | 100.0 | 100.0 |   0.0 |   0.0 |  66.7 |  51.0
       Dungeon | 100.0 | 100.0 |   0.0 |   0.0 |  66.7 |  51.0
               +-------+-------+-------+-------+-------+----------------------

Table legend:
 A = Kills in this place as a percentage of kills in entire the game.
 B = Kills by you in this place as a percentage of kills by you in the entire game.
 C = Kills by friends in this place as a percentage of kills by friends in the entire game.
 D = Other kills in this place as a percentage of other kills in the entire game.
 E = Experience gained in this place as a percentage of experience gained in the entire game.
 F = Experience gained in this place divided by the number of levels of this place that you have seen.
                   A       B       C       D       E      F
               +-------+-------+-------+-------+-------+----------------------
         Total | 100.0 | 100.0 |   N/A |   N/A | 100.0 |   2.0
       Dungeon | 100.0 | 100.0 |   N/A |   N/A | 100.0 |   2.0
               +-------+-------+-------+-------+-------+----------------------
